 Dungeon Crawl Stone Soup version 0.22-a0-455-ga0624bf (webtiles) character file.

6244 pk666 the Thaumaturge (level 10, -10/50 HPs)
             Began as a Deep Elf Fire Elementalist on June 5, 2018.
             Was a Follower of Vehumet.
             Mangled by a three-headed hydra (12 damage)
             ... on level 9 of the Dungeon.
             The game lasted 00:38:28 (11451 turns).

pk666 the Thaumaturge (Deep Elf Fire Elementalist) Turns: 11451, Time: 00:38:31

Health: -10/50     AC:  6    Str:  5    XL:     10   Next: 62%
Magic:  23/28      EV: 13    Int: 27    God:    Vehumet [*.....]
Gold:   545        SH:  0    Dex: 15    Spells: 20/33 levels left

rFire    . . .     SeeInvis .   E - staff of poison
rCold    . . .     Gourm    .   (no shield)
rNeg     + . .     Faith    .   v - +0 robe {rN+}
rPois    +         Spirit   .   (no helmet)
rElec    .         Reflect  .   i - +1 cloak
rCorr    .         Harm     .   g - +0 pair of gloves
MR       ++...                  p - +0 pair of boots
Stlth    ++........             (no amulet)
HPRegen  0.16/turn              l - +3 ring of intelligence
MPRegen  0.21/turn              G - ring of protection from magic

@: flying
A: no striking features
a: Renounce Religion


You were on level 9 of the Dungeon.
You worshipped Vehumet.
Vehumet was aware of your devotion.
You were not hungry.

You visited 2 branches of the dungeon, and saw 10 of its levels.

You collected 545 gold pieces.

Inventory:

Hand Weapons
 n - a +3 dagger
Armour
 g - a +0 pair of gloves (worn)
 i - a +1 cloak (worn)
 p - a +0 pair of boots (worn)
 v - a +0 robe of positive energy (worn)
 I - the +0 leather armour "Seaw" {rElec Str+4}
   (You found it on level 8 of the Dungeon)

   It affects your strength (+4).
   It insulates you from electricity.
Magical Staves
 E - an uncursed staff of poison (weapon)
Jewellery
 l - a +3 ring of intelligence (left hand)
 G - a ring of protection from magic (right hand)
Wands
 j - a wand of flame (28)
 o - a wand of polymorph (16)
 t - a wand of acid (4)
 y - a wand of random effects (27)
 F - a wand of disintegration (11)
Scrolls
 a - 2 scrolls of enchant weapon {unknown}
 b - 2 scrolls of enchant armour
 h - 3 scrolls of identify
 m - 4 scrolls of remove curse
 r - 4 scrolls of immolation {unknown}
 u - a scroll of noise {unknown}
 w - a scroll of fog {unknown}
 x - 3 scrolls of magic mapping {unknown}
 B - a scroll of random uselessness {unknown}
 D - 3 scrolls of teleportation {unknown}
 H - 2 scrolls of blinking {unknown}
 J - 3 scrolls of amnesia {unknown}
Potions
 d - 3 potions of flight
 e - 2 potions of lignification
 f - 7 potions of curing
 k - 3 potions of brilliance {unknown}
 q - a potion of agility {unknown}
 s - a potion of magic {unknown}
 z - 2 potions of cancellation {unknown}
 A - 2 potions of heal wounds {unknown}
 C - a potion of mutation {unknown}
Comestibles
 c - 17 rations


   Skills:
 - Level 2.4 Dodging
 - Level 2.4 Stealth
 + Level 12.3 Spellcasting
 + Level 10.7 Conjurations
 + Level 10.1 Fire Magic


You had 20 spell levels left.
You knew the following spells:

 Your Spells              Type           Power        Failure   Level  Hunger
a - Flame Tongue          Conj/Fire      #####        1%          1    None
b - Sticky Flame          Conj/Fire      ######..     1%          4    None
c - Conjure Flame         Conj/Fire      ######..     1%          3    None
z - Fireball              Conj/Fire      ######....   1%          5    ###....

Your spell library contained the following spells:

 Spells                   Type           Power        Failure   Level  Hunger
 Magic Dart               Conj           ####         1%          1    None
 Slow                     Hex            ###.....     5%          2    None
 Confuse                  Hex            ###.....     11%         3    None
 Throw Flame              Conj/Fire      ######       1%          2    None
 Freezing Cloud           Conj/Ice/Air   #####.....   77%         6    #####..
 Mephitic Cloud           Conj/Pois/Air  ######..     2%          3    None
 Ring of Flames           Chrm/Fire      #####.....   98%         7    ######.
 Summon Small Mammal      Summ           ###.         3%          1    None
 Blink                    Tloc           N/A          5%          2    None
 Summon Ice Beast         Ice/Summ       ###.....     34%         4    None
 Call Imp                 Summ           ###.....     5%          2    None
 Tukima's Dance           Hex            ###.....     11%         3    None
 Call Canine Familiar     Summ           ###.....     11%         3    None
 Ensorcelled Hibernation  Hex/Ice        ###...       5%          2    None
 Corona                   Hex            ###....      3%          1    None
 Inner Flame              Hex/Fire       #####...     1%          3    None
 Dazzling Spray           Conj/Hex       #####.       1%          3    None
 Summon Lightning Spire   Summ/Air       ###.....     34%         4    None
 Summon Guardian Golem    Hex/Summ       ###.....     11%         3    None
 Poisonous Vapours        Pois/Air       ###...       5%          2    None


Dungeon Overview and Level Annotations

Branches:
Dungeon (9/15)             Temple (1/1) D:7            Lair (0/6) D:8
    Orc: D:9-12

Altars:
Ashenzari
Cheibriados
Dithmenos
Elyvilon
Fedhas
Gozag
Hepliaklqana
Kikubaaqudgha
Makhleb
Nemelex Xobeh
Okawaru
Qazlal
Ru
Sif Muna
Trog
Uskayaw
Vehumet
Wu Jian
Xom
Yredelemnul
Zin
The Shining One

Shops:
D:7 }


Message History

You see here a yak skeleton.
Casting: Fireball (safe; 1% risk of failure)
Confirm with . or Enter, or press ? or * to list all spells.
Aiming: Fireball (safe; 1% risk of failure)
Press: ? - help, Shift-Dir - straight line The fireball explodes!
The fireball engulfs the three-headed hydra.
The three-headed hydra is moderately wounded.
The three-headed hydra bites you but does no damage.
The three-headed hydra bites you! x2
* * * LOW HITPOINT WARNING * * *
Okay, then.
It was a potion of flight.
You feel very buoyant.
You fly up into the air.
The three-headed hydra closely misses you.
The three-headed hydra bites you.
* * * LOW HITPOINT WARNING * * *
The three-headed hydra bites you!
You die...

#.. ##....##..........
#...####....##..#.#.#.#.
...#...#.......##..........
.....#...#.......#...#.#.#.#.
.................#...........
....#.#.#.#......#....#.....#
.................#....#......
.....#.#.#.#......##...#.....#
.............@....##...#.....#
....#.#.#.#D......#...#......
#................+...#......
##.#.#.#.#.......#...#......
#.....÷........## #......
###....)#......# #......
#####†####......... #...[.#
#PP≈.≈.≈.#.......... +.....#
#P≈...%..#...........#.....#


You could see a three-headed hydra.

Vanquished Creatures
  A two-headed ogre (D:8)
  2 dream sheep (D:9)
  A hornet (D:7)
  4 hippogriffs
  2 yaks (D:9)
  Edmund (D:6)
  Duvessa (D:5)
  A water moccasin (D:6)
  A black bear (D:7)
  3 orc warriors
  An ice beast (D:8)
  A phantom (D:5)
  5 ogres
  A necrophage (D:7)
  4 centaurs
  4 big kobolds
  Blork the orc (D:6)
  3 bullfrogs
  Dowan (D:5)
  10 killer bees
  4 wights (D:7)
  4 howler monkeys
  2 bullfrog zombies
  8 hounds
  4 orc priests
  2 orc wizards
  A jelly (D:7)
  A killer bee zombie (D:6)
  7 worker ants
  2 hound skeletons
  Robin (D:2)
  8 adders
  6 shadow imps
  2 oozes
  An adder zombie (D:5)
  An adder skeleton (D:6)
  A worm (D:3)
  A dart slug (D:2)
  5 leopard geckos
  19 orcs
  6 bats
  4 giant cockroaches
  14 goblins
  10 hobgoblins
  12 jackals
  6 quokkas
  7 frilled lizards
  22 kobolds
  A quokka zombie (D:5)
  6 rats
216 creatures vanquished.

Vanquished Creatures (others)
  A plant (D:3)
1 creature vanquished.

Grand Total: 217 creatures vanquished

Notes
Turn   | Place    | Note
-------+----------+-------------------------------------------
     0 | D:1      | pk666 the Deep Elf Fire Elementalist began the quest for the Orb.
     0 | D:1      | Reached XP level 1. HP: 10/10 MP: 6/6
   297 | D:1      | Reached XP level 2. HP: 15/15 MP: 5/8
   955 | D:2      | Found an opulent altar of Gozag.
  1332 | D:2      | Noticed Robin
  1355 | D:2      | Reached XP level 3. HP: 19/19 MP: 7/10
  1673 | D:2      | Killed Robin
  2554 | D:3      | Reached XP level 4. HP: 23/24 MP: 9/11
  2561 | D:3      | Reached skill level 4 in Spellcasting
  3074 | D:3      | Reached XP level 5. HP: 28/28 MP: 9/13
  3513 | D:3      | Learned a level 4 spell: Sticky Flame
  3517 | D:3      | Learned a level 3 spell: Conjure Flame
  4041 | D:4      | Found a transporter.
  4311 | D:4      | Noticed an ogre
  4312 | D:4      | Found a transporter.
  4329 | D:4      | Killed an ogre
  4329 | D:4      | Reached skill level 5 in Spellcasting
  4329 | D:4      | Reached XP level 6. HP: 32/32 MP: 7/15
  4609 | D:4      | Reached skill level 5 in Conjurations
  5109 | D:5      | Entered Level 5 of the Dungeon
  5220 | D:5      | Reached skill level 5 in Fire Magic
  5399 | D:5      | Reached XP level 7. HP: 28/36 MP: 11/17
  5701 | D:5      | Reached skill level 6 in Spellcasting
  5775 | D:5      | Noticed Dowan
  5775 | D:5      | Noticed Duvessa
  5806 | D:5      | Killed Duvessa
  5824 | D:5      | Killed Dowan
  6008 | D:5      | Reached XP level 8. HP: 41/41 MP: 11/20
  6082 | D:5      | Reached skill level 7 in Spellcasting
  6560 | D:6      | Noticed Edmund
  6578 | D:6      | Killed Edmund
  6578 | D:6      | Reached skill level 8 in Spellcasting
  6840 | D:6      | Noticed Blork the orc
  6903 | D:6      | Killed Blork the orc
  6937 | D:6      | Reached skill level 9 in Spellcasting
  7323 | D:6      | Reached XP level 9. HP: 44/45 MP: 19/24
  7353 | D:6      | Learned a level 5 spell: Fireball
  7970 | D:7      | Found Qenlupoa's Gadget Emporium.
  8113 | D:7      | Reached skill level 10 in Spellcasting
  8892 | D:7      | Found a staircase to the Ecumenical Temple.
  8902 | Temple   | Entered the Ecumenical Temple
  9003 | Temple   | Became a worshipper of Vehumet
  9916 | D:8      | Reached skill level 11 in Spellcasting
 10002 | D:8      | Noticed a two-headed ogre
 10013 | D:8      | Killed a two-headed ogre
 10013 | D:8      | Reached skill level 10 in Conjurations
 10013 | D:8      | Reached XP level 10. HP: 50/50 MP: 0/27
 10416 | D:8      | Got a faintly humming leather armour
 10427 | D:8      | Identified the cursed +0 leather armour "Seaw" {rElec Str+4} (You found it on level 8 of the Dungeon)
 10537 | D:8      | Found a shattered altar of Ashenzari.
 10611 | D:8      | Reached * piety under Vehumet
 10611 | D:8      | Offered knowledge of Freeze by Vehumet.
 10768 | D:8      | Found a staircase to the Lair.
 11281 | D:9      | Reached skill level 12 in Spellcasting
 11284 | D:9      | Reached skill level 10 in Fire Magic
 11438 | D:9      | Noticed a three-headed hydra
 11451 | D:9      | HP: 2/50 [three-headed hydra (2)]
 11451 | D:9      | Mangled by a three-headed hydra

Vault maps used:
D:1:      tarquinn_simple_flora_water_a, minmay_pentomino_u4
D:2:      grunt_gozag_statues, uniq_robin
D:3:      lexackson_kobold_supper
D:4:      gammafunk_wand_slinger
D:5:      first_ration, uniq_duvessa
D:6:      cheibrodos_fzero, hangedman_abyss_or_decor_lesser_grid,
          uniq_blork_the_orc, uniq_edmund
D:7:      minmay_temple_entry_large_hall, serial_shops, nicolae_shop_waterfront
D:8:      evilmike_ruin_ashenzari, lair_entry_dummy
D:9:      orc_0_dummy, serial_glass, glass_columns_a, glass_columns_a,
          glass_columns_c, glass_columns_a, glass_columns_c, glass_columns_b,
          glass_columns_a, glass_columns_c, basic_altar, hangedman_ranch
Temple:   regret_index_temple_sigil_plot

Skill      XL: |  1  2  3  4  5  6  7  8  9 10 |
---------------+-------------------------------+-----
Conjurations   | 2 3 4 5 7 8 10 | 10.7
Spellcasting   | 4 5 6 9 11 12 | 12.3
Fire Magic     | 4 5 6 7 9 10 | 10.1
Dodging        | |  2.4
Stealth        | |  2.4

Action                   |  1- 3 |  4- 6 |  7- 9 | 10-12 || total
-------------------------+-------+-------+-------+-------++-------
Melee: Dagger            |     5 |    16 |     2 |       ||    23
       Unarmed           |     1 |       |       |       ||     1
       Staff             |       |       |       |    20 ||    20
 Cast: Flame Tongue      |    87 |   117 |   283 |    43 ||   530
       Conjure Flame     |       |     3 |    15 |     3 ||    21
       Fireball          |       |       |     9 |    20 ||    29
  Use: Scroll            |       |     5 |       |     1 ||     6
       Potion            |       |       |       |     1 ||     1
  Eat: Chunk             |     4 |     7 |    14 |     6 ||    31
       Ration            |       |     1 |       |       ||     1
Armor: Robe              |    33 |    17 |    23 |    13 ||    86
Dodge: Dodged            |    57 |    38 |    58 |    36 ||   189

Table legend:
 A = Spawn XP
 B = Non-spawn XP
 C = Spawn XP percentage of total XP
 D = Spawn monster count
 E = Non-spawn monster count
 F = Spawn count percentage of total count
 G = Total turns spent on level
                    A         B        C        D         E        F      G
               +---------+---------+-------+---------+---------+-------+---------
         Total |       0 |    8920 |   0.0 |       0 |     216 |   0.0 | 11451
               +---------+---------+-------+---------+---------+-------+---------
           D:1 |       0 |      30 |   0.0 |       0 |      19 |   0.0 |  1008
           D:2 |       0 |      61 |   0.0 |       0 |      27 |   0.0 |  1578
           D:3 |       0 |     135 |   0.0 |       0 |      35 |   0.0 |  1409
           D:4 |       0 |     323 |   0.0 |       0 |      12 |   0.0 |  1150
           D:5 |       0 |    1036 |   0.0 |       0 |      26 |   0.0 |  1239
           D:6 |       0 |    1701 |   0.0 |       0 |      36 |   0.0 |  1526
           D:7 |       0 |    1548 |   0.0 |       0 |      26 |   0.0 |  2013
           D:8 |       0 |    2651 |   0.0 |       0 |      26 |   0.0 |   860
           D:9 |       0 |    1435 |   0.0 |       0 |       9 |   0.0 |   363
               +---------+---------+-------+---------+---------+-------+---------
